 Dungeon Crawl Stone Soup version 0.29.1-15-g9cfb28693d (console) character file.

Game seed: 9847414685569229673

8656 om the Cleaver (level 11, -2/92 HPs)
             Began as a Minotaur Fighter on Apr 24, 2023.
             Was a Believer of Ashenzari.
             Slain by a death yak (11 damage)
             ... on level 8 of the Dungeon.
             The game lasted 00:19:52 (8753 turns).

om the Cleaver (Minotaur Fighter)                   Turns: 8753, Time: 00:19:53

Health: -2/92      AC: 15    Str: 24    XL:     11   Next: 12%
Magic:  10/10      EV: 10    Int:  5    God:    Ashenzari [**....]
Gold:   326        SH:  5    Dex: 11    Spells: 10/10 levels left

rFire   . . .      SeeInvis +   a - +1 war axe
rCold   . . .      Faith    .   c - +0 buckler of the Shattered Sun {Melee, Evo} (curse)
rNeg    . . .      Spirit   .   p - +0 chain mail
rPois   .          Reflect  .   (helmet restricted)
rElec   .          Harm     .   j - +0 cloak
rCorr   .          Rampage  .   s - +1 pair of gloves of the Ensconced Comet {Fort, Range} (curse)
Will    .....                   (no boots)
Stlth   ..........              k - amulet "Shackled Seer" {Acrobat, Fort, Cun} (curse)
HPRegen 0.25/turn               (no ring)
MPRegen 0.12/turn               (no ring)

@: on berserk cooldown, slowed, very slow
A: horns 2, retaliatory headbutt
a: Renounce Religion, Shatter the Chains


You were on level 8 of the Dungeon.
You worshipped Ashenzari.
Ashenzari was pleased with you.
You visited 2 branches of the dungeon, and saw 9 of its levels.
You also visited: Bailey.

You collected 386 gold pieces.
You spent 60 gold pieces at shops.

Inventory:

Hand Weapons
 a - a +1 war axe (weapon)
 h - a +0 sling
Missiles
 v - a throwing net
 y - 3 boomerangs (quivered)
Armour
 c - the cursed +0 buckler of the Shattered Sun (worn) {Melee, Evo}

   It has a curse which improves the following skills: Melee Combat: Short
   Blades, Long Blades, Axes, Maces & Flails, Polearms, Staves and Unarmed
   Combat.
   Evocations: Evocations.
 j - a +0 cloak (worn)
 p - a +0 chain mail (worn)
 s - the cursed +1 pair of gloves of the Ensconced Comet (worn) {Fort, Range}
   (You found it on level 5 of the Dungeon)

   It has a curse which improves the following skills: Fortitude: Armour and
   Shields.
   Ranged Combat: Ranged Weapons and Throwing.
 C - the +1 chain mail of Uskayaw's Envy {rCorr Int+6 Dex-5}
   (You found it in a bailey)

   Int:       It affects your intelligence (+6).
   Dex:       It affects your dexterity (-5).
   rCorr:     It protects you from acid and corrosion.
Jewellery
 b - the ring "Etuimp" {Fire rCorr Int+4 Stlth+}
   (You found it on level 6 of the Dungeon)

   [ring of fire]

   It enhances your fire magic.
   Int:       It affects your intelligence (+4).
   rF:        It protects you from fire.
   rC:        It makes you vulnerable to cold.
   rCorr:     It protects you from acid and corrosion.
   Stlth:     It makes you more stealthy.
 k - the cursed amulet "Shackled Seer" (around neck) {Acrobat, Fort, Cun}
   (You found it on level 3 of the Dungeon)

   [amulet of the acrobat]

   It increases your evasion while moving and waiting.
   It has a curse which improves the following skills: Fortitude: Armour and
   Shields.
   Cunning:   Dodging and Stealth.
Wands
 f - a wand of mindburst (4)
 i - a wand of roots (32)
Scrolls
 g - 4 scrolls of teleportation
 m - 3 scrolls of amnesia
 n - a scroll of vulnerability
 q - a scroll of butterflies
 r - a scroll of noise
 x - 2 scrolls of enchant weapon
Potions
 d - 4 potions of might
 e - 3 potions of magic
 l - 2 potions of curing
 o - 7 potions of degeneration
 w - 2 potions of haste
 A - a potion of invisibility
 B - a potion of resistance


   Skills:
 - Level 7.0 Fighting
 * Level 14.9(16.0) Axes
 * Level 6.3(7.5) Throwing
 - Level 8.0(9.9) Armour
 - Level 5.0(6.2) Dodging
 - Level 5.0(6.8) Shields
 - Level 3.1(4.2) Evocations


You had 10 spell levels left.
You didn't know any spells.
Your spell library contained the following spells:

 Spells                   Type           Power      Damage    Failure   Level
 Beastly Appendage        Tmut           0%         N/A       98%         1
 Sandblast                Erth           0%         2d4       98%         1
 Passwall                 Tmut/Erth      0%         N/A       99%         2
 Wereblood                Tmut           0%         N/A       99%         2
 Call Canine Familiar     Summ           0%         N/A       100%        3
 Portal Projectile        Hex/Tloc       0%         N/A       100%        3
 Spider Form              Tmut/Pois      0%         N/A       100%        3
 Stone Arrow              Conj/Erth      0%         3d7       100%        3
 Leda's Liquefaction      Hex/Erth       0%         N/A       100%        4


Dungeon Overview and Level Annotations

Branches:
Dungeon (8/15)             Temple (1/1) D:4            Lair (0/5) D:8
 Bailey (visited)

Altars:
Ashenzari
Cheibriados
Dithmenos
Fedhas
Gozag
Hepliaklqana
Makhleb
Nemelex Xobeh
Okawaru
Qazlal
Ru
Sif Muna
Trog
Uskayaw
Wu Jian
Xom
Zin
The Shining One

Shops:
D:5 ?   D:6 [


Innate Abilities, Weirdness & Mutations

You have a pair of horns on your head.
You reflexively headbutt those who attack you in melee.


Message History

The death yak barely misses you. You furiously retaliate!
You headbutt the death yak, but do no damage.
The grasping roots constrict the death yak!
You kill the death yak!
The grasping roots constrict the death yak!
The roots release their grip on the death yak.
Aiming: Fastroot
Press: ? - help, Shift-Dir - straight line, f/p - death yak
Aim: a death yak (lightly wounded)
The roots erupt in riotous growth!
Roots grab the death yak.
The grasping roots constrict the death yak, but do no damage.
The death yak barely misses you.
The grasping roots constrict the death yak!!
The roots release their grip on the death yak.
The death yak barely misses you. You furiously retaliate!
You headbutt the death yak, but do no damage.
Aiming: Fastroot
Press: ? - help, Shift-Dir - straight line, p - death yak The roots erupt in riotous growth!
Roots grab the death yak. x2
The grasping roots constrict the death yak!
The grasping roots constrict the death yak.
The death yak gores you.
The death yak struggles to escape constriction.
The grasping roots constrict the death yak!!
The grasping roots constrict the death yak!
The roots release their grip on the death yak. x2
The howler monkey hoots and howls with incredible vigour!
The death yak gores you.
You hear a shout! x2; You hear an angry buzzing noise.
You feel much better. The death yak gores you! x2
As you read the scroll of summoning, it crumbles to dust.
Wisps of shadow whirl around you...
The death yak gores you but does no damage. x2
The howler monkey hits your orc but does no damage.
The death yak gores you!!
* * * LOW HITPOINT WARNING * * *
The death yak gores you!
You die...

.♣..... , .. ,
,...."..,* ..#.#.# # #.
### .Y....., ....#.# .#
##.##.., .Y... . **
....#!##.# #.?...# {
...,... *#..#.##.#
#.P.P.####.#....#
##.......###.P...#..†..#
#...#......#.....F5###.#
#.#)..<....#....YYh.##.#
,
#.))#####......o@oo...#,
,, ###.# ##.#.....o...##
, #.######.##.#...#.##
*, #..)........###o...#
#.######.#### ##.##.#, *
#.# #.# .# #.. ###.# #.#
.# ## * * ....######.#
*.#* * #####......# *,*
,


You could see 2 death yaks, a bullfrog, a howler monkey (ally target), an
ufetubus, a friendly orc warrior (summoned), a friendly orc priest (summoned), a
friendly orc wizard (summoned) and 2 friendly orcs.

Vanquished Creatures
  2 vault guards (Bailey)
  4 death yaks (D:8)
  Pikel (D:6)
  The ghost of Grunkalo the Skirmisher, a novice KoAM of Gozag (D:6)
  Grinder (D:4)
  Prince Ribbit (Bailey)
  Sigmund (D:6)
  5 humans (Bailey)
  A water moccasin (D:8)
  An ice beast (D:6)
  3 orc warriors (D:7)
  A black bear (D:6)
  A sky beast (D:7)
  5 ogres
  A centaur (D:5)
  A phantom (D:4)
  3 lemures (D:6)
  Blork the orc (D:6)
  A kobold brigand (D:8)
  9 bullfrogs (Bailey)
  2 necrophages
  A scorpion (D:6)
  A howler monkey (D:6)
  A wyvern simulacrum (D:6)
  A hound (D:4)
  4 gnoll boudas
  2 orc priests (D:7)
  Crazy Yiuf (D:2)
  6 jellies
  3 iguanas
  2 orc wizards
  19 gnolls
  6 adders
  6 white imps
  An ufetubus (D:6)
  A worm (D:2)
  3 dart slugs
  15 orcs
  3 bats
  8 endoplasms
  4 giant cockroaches
  8 goblins
  4 hobgoblins
  11 jackals
  4 quokkas
  10 ball pythons
  4 frilled lizards
  12 kobolds
  4 rats
191 creatures vanquished.

Vanquished Creatures (others)
  A demonic plant (D:8)
  2 fungi (D:2)
3 creatures vanquished.

Grand Total: 194 creatures vanquished

Notes
Turn   | Place    | Note
-------+----------+-------------------------------------------
     0 | D:1      | om the Minotaur Fighter began the quest for the Orb.
     0 | D:1      | Reached XP level 1. HP: 19/19 MP: 0/0
   238 | D:1      | Reached XP level 2. HP: 27/27 MP: 1/1
   395 | D:1      | Reached skill level 3 in Axes
  1091 | D:2      | Reached XP level 3. HP: 33/33 MP: 2/2
  1627 | D:2      | Found a runed translucent door.
  1628 | D:2      | Noticed Crazy Yiuf
  1634 | D:2      | Killed Crazy Yiuf
  1635 | D:2      | Reached skill level 4 in Axes
  1635 | D:2      | Reached XP level 4. HP: 39/40 MP: 3/3
  1809 | D:3      | Found a snail-covered altar of Cheibriados.
  1812 | D:3      | Noticed an ogre
  1824 | D:3      | Killed an ogre
  1825 | D:3      | Reached skill level 5 in Axes
  1825 | D:3      | Reached skill level 5 in Shields
  1825 | D:3      | Reached XP level 5. HP: 46/46 MP: 4/4
  1900 | D:3      | Reached skill level 6 in Axes
  1952 | D:3      | Found a faded altar of an unknown god.
  2003 | D:3      | Reached XP level 6. HP: 48/52 MP: 5/5
  2688 | D:4      | Reached skill level 7 in Axes
  2756 | D:4      | Reached skill level 8 in Axes
  2875 | D:4      | Noticed Grinder
  2884 | D:4      | Reached XP level 7. HP: 47/59 MP: 6/6
  2889 | D:4      | Killed Grinder
  2890 | D:4      | Reached skill level 1 in Dodging
  3243 | D:4      | Found a shadowy altar of Dithmenos.
  3266 | D:4      | Found a staircase to the Ecumenical Temple.
  3357 | Temple   | Entered the Ecumenical Temple
  3376 | Temple   | Became a worshipper of Ashenzari the Shackled
  3600 | D:5      | Entered Level 5 of the Dungeon
  4005 | D:5      | Found a glowing golden altar of the Shining One.
  4068 | D:5      | Reached skill level 5 in Fighting
  4068 | D:5      | Reached skill level 5 in Armour
  4072 | D:5      | Reached skill level 9 in Axes
  4101 | D:5      | Reached XP level 8. HP: 65/68 MP: 7/7
  4142 | D:5      | Found a sacrificial altar of Ru.
  4145 | D:5      | Found a sparkling altar of Nemelex Xobeh.
  4225 | D:5      | Found an ornate altar of the Wu Jian Council.
  4396 | D:5      | Found Nyges's Magic Scroll Shoppe.
  4403 | D:5      | Bought a scroll of butterflies for 60 gold pieces
  4621 | D:6      | Found Xefu's Antique Armour Shoppe.
  4994 | D:6      | Found a runed translucent gate.
  4995 | D:6      | Found a runed translucent gate.
  4996 | D:6      | Found a runed translucent gate.
  5018 | D:6      | Noticed Blork the orc
  5028 | D:6      | Killed Blork the orc
  5029 | D:6      | Reached skill level 10 in Axes
  5421 | D:6      | Noticed Sigmund
  5428 | D:6      | Noticed Pikel
  5430 | D:6      | Killed Sigmund
  5439 | D:6      | Killed Pikel
  5440 | D:6      | Reached skill level 11 in Axes
  5440 | D:6      | Reached skill level 5 in Dodging
  5440 | D:6      | Reached XP level 9. HP: 66/74 MP: 8/8
  5751 | D:6      | Found an iron altar of Okawaru.
  5779 | D:6      | Noticed Grunkalo's ghost (novice KoAM)
  5964 | D:6      | Killed Grunkalo's ghost
  6056 | D:6      | Got the ring "Etuimp" {Fire rCorr Int+4 Stlth+}
  6222 | D:7      | Reached skill level 1 in Evocations
  6316 | D:7      | Reached * piety under Ashenzari
  6448 | D:7      | Reached skill level 1 in Throwing
  7112 | D:7      | Reached ** piety under Ashenzari
  7727 | D:8      | Found a flagged portal.
  7741 | Bailey   | Entered a bailey
  7811 | Bailey   | Reached XP level 10. HP: 65/83 MP: 9/9
  7904 | Bailey   | Reached skill level 12 in Axes
  7986 | Bailey   | Noticed a vault guard
  7986 | Bailey   | Noticed Prince Ribbit
  8015 | Bailey   | Killed a vault guard
  8016 | Bailey   | Reached skill level 13 in Axes
  8021 | Bailey   | Killed Prince Ribbit
  8145 | Bailey   | Identified the +1 chain mail of Uskayaw's Envy {rCorr Int+6
                  | Dex-5}
  8145 | Bailey   | Noticed a vault guard
  8173 | Bailey   | Killed a vault guard
  8202 | Bailey   | Identified the cursed +1 pair of gloves of the Ensconced
                  | Comet {Fort, Range} (You found it on level 5 of the
                  | Dungeon)
  8433 | Bailey   | Reached skill level 14 in Axes
  8710 | D:8      | Noticed a death yak
  8710 | D:8      | Noticed a death yak
  8712 | D:8      | Found a staircase to the Lair.
  8712 | D:8      | Noticed a death yak
  8712 | D:8      | Noticed a death yak
  8712 | D:8      | Noticed a death yak
  8712 | D:8      | Noticed a death yak
  8723 | D:8      | Killed a death yak
  8724 | D:8      | Reached skill level 5 in Throwing
  8729 | D:8      | Killed a death yak
  8735 | D:8      | Killed a death yak
  8736 | D:8      | Reached XP level 11. HP: 92/92 MP: 10/10
  8747 | D:8      | Killed a death yak
  8753 | D:8      | Slain by a death yak

Illustrated notes

Levels and vault maps discovered:
D:1:      minmay_arrival_jagged, layout_basic
D:2:      layout_rooms, uniq_crazy_yiuf_cottage
D:3:      layout_basic, mainiacjoe_overflow_brackets,
          chequers_ecumenical_altar_island
D:4:      kennysheep_spiral_hall, layout_basic, grunt_dithmenos_smoke,
          minmay_temple_entry_offerings, uniq_grinder
D:5:      layout_basic, general_overflow_altar, nicolae_tso_carved_into_rock,
          minitemple, serial_shops, shop, chequers_jeans, hex_medium,
          nicolae_sextant
D:6:      layout_loops_ring, kennysheep_mini_moat, serial_shops, shop,
          gammafunk_ghost_icy, uniq_sigmund, uniq_pikel, uniq_blork_the_orc
D:7:      layout_layer_cave
D:8:      layout_loops_ring, lemuel_zombie_altar_kikubaaqudgha,
          dpeg_lair_monsters, nicolae_ossuary_entry_false_entrances,
          serial_demonic, serial_demonic_d, serial_demonic_e, serial_demonic_b,
          serial_demonic_b, enter_bailey_7
Temple:   minmay_freezing_vapour_temple

Skill      XL: |  1  2  3  4  5  6  7  8  9 10 |
---------------+-------------------------------+-----
Axes           | 3 4 5 6 8 9 11 14 | 14.9
Shields        | 4 5 |  5.0
Fighting       | 4 5 6 7 |  7.0
Armour         | 4 5 7 8 |  8.0
Dodging        | 2 5 |  5.0
Evocations     | 3 |  3.1
Throwing       | 4 6 |  6.3

Action                   |  1- 3 |  4- 6 |  7- 9 | 10-12 || total
-------------------------+-------+-------+-------+-------++-------
Melee: War axe           |   106 |    81 |   228 |   115 ||   530
       Headbutt          |     9 |    11 |    31 |    30 ||    81
 Fire: Sling             |       |     8 |       |       ||     8
Throw: Boomerang         |       |       |     2 |       ||     2
       Throwing net      |       |       |     1 |       ||     1
Invok: Curse Item        |       |       |     3 |       ||     3
Evoke: Wand              |       |     3 |       |     8 ||    11
  Use: Scroll            |     5 |       |     7 |     1 ||    13
       Potion            |       |       |     2 |     5 ||     7
Armor: Scale mail        |    51 |     6 |       |       ||    57
       Chain mail        |       |    24 |    84 |    44 ||   152
       Skin              |       |       |       |     2 ||     2
Dodge: Dodged            |    57 |    36 |   120 |    40 ||   253
Block: Buckler           |    23 |    13 |    47 |    20 ||   103
